cohdb
Replays
Latest Replays
All Replays
Popular Replays
Top Player Replays
Match Explorer
How It Works
Community
CoH3 Stats
Reddit
Sign in to upload your games and track your stats! →
Sign in with Steam
Match 44734091
Unlisted
Match 44734091
Overview
Messages
Build Orders
End
Kradschützen Motorcycle Team
Panzerpioneer Squad
Panzerpioneer Squad
Panzerpioneer Squad
Panzerpioneer Squad
Construct Light Support Kompanie
2.5-tonne Medical Truck
Fire Support Elements
Pak 38 Anti-tank Gun Team
Pak 38 Anti-tank Gun Team
Flakvierling Half-track
Vehicle Survival Package
Construct Panzerarmee Kommand
Emergency Repair Kits
Forward Retreat Point
Armored Reserves
Panzer IV Assault Group
Selects Armored Support Battlegroup
Selects Salvage Kits
Selects Panzer Storm
Selects Stuka Dive Bomb
Selects Veteran Gunners
Stuka Dive Bomb
banstyle
tagilla
Gwangju's Hero Chun Doo-gwang
MonikaのPants
0
0
Comments
sign in to comment!
No comments posted yet!